 Dungeon Crawl Stone Soup version 0.30.1-4-g462c640d31 (webtiles) character file.

Game seed: 12950599485433743154

2832 HagarQim the Covert (level 9, 0/59 HPs)
             Began as an Octopode Fire Elementalist on Sept 5, 2023.
             Was an Initiate of Gozag.
             Slain by an orc warrior
             ... wielding a +0 glaive
              (15 damage)
             ... in a bailey.
             The game lasted 00:33:08 (7561 turns).

HagarQim the Covert (Octopode Fire Elementalist)    Turns: 7561, Time: 00:33:09

Health: 0/59       AC:  1    Str:  7    XL:     9   Next: 73%
Magic:  0/15       EV: 15    Int: 19    God:    Gozag
Gold:   343        SH:  0    Dex: 15    Spells: 13/17 levels left

rFire   . . .        t - +4 dagger (distort)
rCold   . . .        (no shield)
rNeg    . . .        (helmet restricted)
rPois   .            b - amulet of guardian spirit
rElec   .            e - ring of willpower
rCorr   .            (no ring)
SInv    .            (no ring)
Will    +....        (no ring)
Stlth   +++++        (no ring)
HPRegen 0.29/turn    (no ring)
MPRegen 0.14/turn    (no ring)
                     (no ring)

%: guardian spirit
@: very slightly contaminated
A: almost no armour, amphibious, 8 rings, camouflage 1, gelatinous body 1,
(nimble swimmer 1), tentacles
a: Renounce Religion, Potion Petition, Call Merchant, Bribe Branch


You were in a bailey.
You worshipped Gozag.
Gozag was aware of your devotion.
You visited 2 branches of the dungeon, and saw 9 of its levels.
You also visited: Bailey.

You collected 494 gold pieces.
You paid 151 gold pieces to Gozag.

Inventory:

Hand Weapons
 c - a +2 dagger of electrocution
 i - a +0 dagger of freezing
 j - a +2 dagger of draining
 t - a +4 dagger of distortion (weapon)
Armour
 y - an orb of guile
Jewellery
 b - an amulet of guardian spirit (around mantle)
 e - a ring of willpower (left tentacle)
Wands
 r - a wand of paralysis (15)
 A - a wand of polymorph (13)
Scrolls
 d - 4 scrolls of fear
 g - 2 scrolls of vulnerability
 l - 4 scrolls of teleportation
 q - 3 scrolls of immolation
Potions
 a - a potion of magic
 f - a potion of degeneration
 h - a potion of mutation
 k - a potion of lignification
 m - 2 potions of curing
 p - a potion of brilliance
 u - a potion of resistance
 v - 3 potions of cancellation
 w - a potion of ambrosia


   Skills:
 + Level 4.4 Fighting
 + Level 6.7 Short Blades
 + Level 4.4 Dodging
 + Level 9.1 Stealth
 + Level 4.6 Spellcasting
 + Level 2.5 Conjurations
 + Level 5.4 Fire Magic


You had 13 spell levels left.
You knew the following spells:

 Your Spells              Type           Power      Damage    Failure   Level
a - Magic Dart            Conj           52%        1d5       4%          1
b - Scorch                Fire           50%        2d7       1%          2
c - Foxfire               Conj/Fire      76%        2x1d7     2%          1

Your spell library contained the following spells:

 Spells                   Type           Power      Damage    Failure   Level
 Apportation              Tloc           8%         N/A       13%         1
 Inner Flame              Hex/Fire       14%        N/A       13%         3
 Volatile Blastmotes      Fire/Tloc      28%        2d12      13%         3
 Flame Wave               Conj/Fire      19%        2d7       26%         4
 Arcjolt                  Conj/Air       4%         1d14      91%         5
 Alistair's Intoxication  Tmut/Pois      2%         N/A       98%         5
 Spellforged Servitor     Conj/Summ      4%         N/A       100%        7


Dungeon Overview and Level Annotations

Branches:
Dungeon (8/15)             Temple (1/1) D:7          Bailey (1/1)
   Lair: D:8-11

Altars:
Cheibriados
Elyvilon
Fedhas
Gozag
Hepliaklqana
Kikubaaqudgha
Makhleb
Nemelex Xobeh
Ru
Sif Muna
Trog
Vehumet
Xom
Yredelemnul
Zin
The Shining One

Portals:
Abyss: D:4

Annotations:
D:4 2 transporters, Edmund; Quickbrownfox's ghost, amateur OpCj
D:5 Eustachio; Sigmund Bailey 2 runed translucent doors


Innate Abilities, Weirdness & Mutations

You cannot wear most types of armour.
You are amphibious.
You can wear up to eight rings at the same time.
Your skin changes colour to match your surroundings (Stealth+).
Your rubbery body absorbs attacks. (AC +1, EV +1)
((You are camouflaged when in or above water. (Stealth+)))
You have tentacles for arms and can constrict up to eight enemies at once.


Message History

Press: ? - help, Shift-Dir - straight line, f/p - orc warrior
Aim: an orc warrior, wielding a +0 glaive and wearing a +0 chain mail (severely wounded, 100% to hit)
The magic dart hits the orc warrior but does no damage.
The orc warrior is severely wounded.
An orc comes into view. It is wielding a +0 halberd.
Casting: Magic Dart (safe; 4% risk of failure)
Confirm with . or Enter, or press ? or * to list all spells.
You can't see any susceptible monsters within range! (Use Z to cast anyway.)
Casting: Magic Dart (safe; 4% risk of failure)
Confirm with . or Enter, or press ? or * to list all spells.
You conjure some foxfire!
The orc shouts!
Unknown command.
Casting: Foxfire (safe; 2% risk of failure)
Confirm with . or Enter, or press ? or * to list all spells.
You conjure some foxfire!
The foxfire hits the orc warrior.
The orc warrior is severely wounded.
The foxfire hits the orc warrior.
The orc warrior is almost dead.
Your foxfire dissipates!
The foxfire hits the orc warrior but does no damage.
The orc warrior is almost dead.
Casting: Foxfire (safe; 2% risk of failure)
Confirm with . or Enter, or press ? or * to list all spells.
You don't know that spell.
Casting: Foxfire (safe; 2% risk of failure)
Confirm with . or Enter, or press ? or * to list all spells.
You don't have enough magic to cast this spell.
Unknown command.
Casting: Foxfire (safe; 2% risk of failure)
Confirm with . or Enter, or press ? or * to list all spells.
Aiming: Magic Dart (safe; 4% risk of failure)
Press: ? - help, Shift-Dir - straight line, f/p - orc warrior
Aim: an orc warrior, wielding a +0 glaive and wearing a +0 chain mail (almost dead, 100% to hit)
You miscast Magic Dart.
You are very lightly contaminated with residual magic.
Nothing appears to happen.
The orc warrior hits you from afar with a +0 glaive!
You die...
Your body crumbles into a pile of gold.

.########..#....≈≈≈≈..♣.
.8##.. #8.#...######...
..#.. $ #..#............
o.+.. #..'............
..+..## $#..'.)..........
o#.... #..#............
#... #8.#...######...
..########).#....≈≈≈≈....
......o§@...##.♣.≈≈≈≈..♣.
........§....#...≈≈≈≈....
$.##########..#..♣≈≈≈≈..♣.
####..♣≈≈≈≈≈...
...♣♣≈≈≈≈≈.♣


You could see an orc warrior.

Vanquished Creatures
  3 water moccasins
  2 orc warriors (Bailey)
  2 sky beasts
  An ice beast (D:6)
  A black bear (D:7)
  A centaur (D:6)
  A phantom (D:6)
  2 bullfrogs
  2 scorpions
  4 killer bees (D:7)
  4 hounds
  An orc priest (D:3)
  Ijyb (D:3)
  A sleepcap (D:5)
  An iguana (D:7)
  5 orc wizards
  Robin (D:4)
  11 adders
  4 gnolls (D:4)
  A shadow imp (D:5)
  3 white imps
  An ufetubus (D:6)
  A worm (D:3)
  2 dart slugs
  23 orcs
  3 endoplasms
  2 giant cockroaches (D:3)
  20 goblins
  7 hobgoblins
  13 jackals
  6 kobolds
  3 quokkas
  7 ball pythons
  7 bats
  2 rats
149 creatures vanquished.

Vanquished Creatures (others)
  115 foxfires
115 creatures vanquished.

Grand Total: 264 creatures vanquished

Notes
Turn   | Place    | Note
-------+----------+-------------------------------------------
     0 | D:1      | HagarQim the Octopode Fire Elementalist began the quest for
                  | the Orb.
     0 | D:1      | Reached XP level 1. HP: 11/11 MP: 3/3
   154 | D:1      | Reached XP level 2. HP: 15/17 MP: 0/5
   241 | D:1      | Learned a level 2 spell: Scorch
   472 | D:1      | Found a faded altar of an unknown god.
  1060 | D:2      | Reached skill level 3 in Stealth
  1060 | D:2      | Reached XP level 3. HP: 21/21 MP: 2/6
  1621 | D:2      | Reached XP level 4. HP: 23/27 MP: 0/7
  2706 | D:3      | Noticed Ijyb
  2720 | D:3      | Killed Ijyb
  2721 | D:3      | Reached XP level 5. HP: 9/32 MP: 2/9
  3421 | D:4      | Reached XP level 6. HP: 24/37 MP: 2/11
  3657 | D:4      | Noticed Robin
  3661 | D:4      | Reached skill level 1 in Short Blades
  3673 | D:4      | Killed Robin
  3826 | D:4      | Reached skill level 4 in Stealth
  3835 | D:4      | Found a transporter.
  3846 | D:4      | Found a transporter.
  3852 | D:4      | Found a one-way gate to the infinite horrors of the Abyss.
  3852 | D:4      | Noticed Quickbrownfox's ghost (amateur OpCj)
  3874 | D:4      | Noticed a small abomination
  3943 | D:4      | Found an ancient bone altar of Kikubaaqudgha.
  3949 | D:4      | Noticed Edmund
  3957 | D:4      | Reached skill level 1 in Fighting
  4002 | D:5      | Entered Level 5 of the Dungeon
  4119 | D:5      | Noticed a water moccasin
  4123 | D:5      | Killed a water moccasin
  4124 | D:5      | Reached skill level 5 in Fire Magic
  4124 | D:5      | Reached XP level 7. HP: 43/43 MP: 3/13
  4216 | D:5      | Reached skill level 5 in Stealth
  4671 | D:5      | Noticed Sigmund
  4671 | D:5      | Noticed Eustachio
  5017 | D:6      | Reached XP level 8. HP: 36/50 MP: 9/14
  5064 | D:6      | Reached skill level 6 in Stealth
  5751 | D:7      | Identified a scroll of acquirement
  5758 | D:7      | Acquired the Atlas of Assaults
  5762 | D:7      | Learned a level 1 spell: Magic Dart
  5791 | D:7      | Reached skill level 5 in Short Blades
  5791 | D:7      | HP: 2/51 [killer bee (4)]
  5794 | D:7      | Reached skill level 7 in Stealth
  5945 | D:7      | Found a staircase to the Ecumenical Temple.
  5956 | Temple   | Entered the Ecumenical Temple
  6192 | Temple   | Became a worshipper of Gozag Ym Sagoz the Greedy
  6445 | D:7      | Reached XP level 9. HP: 57/57 MP: 15/15
  6687 | D:7      | Reached skill level 8 in Stealth
  7151 | D:8      | Found a flagged portal.
  7179 | Bailey   | Entered a bailey
  7412 | Bailey   | Found a large runed translucent door.
  7412 | Bailey   | Found a large runed translucent door.
  7507 | Bailey   | Noticed an orc knight
  7512 | Bailey   | Banished an orc knight
  7513 | Bailey   | Reached skill level 9 in Stealth
  7546 | Bailey   | Noticed a deep elf pyromancer
  7561 | Bailey   | Slain by an orc warrior

Illustrated notes

Levels and vault maps discovered:
D:1:      giann_horns, layout_loops_ring, serial_forest,
          infiniplex_forest_lined_3, infiniplex_forest_lined_corner,
          infiniplex_forest_end_1, infiniplex_forest_straight_4,
          infiniplex_forest_lined_ring, infiniplex_forest_end_1,
          infiniplex_forest_end_3, infiniplex_forest_straight_5,
          dilly_ecumenical_altar_fadedgnrine, supply_closet_lemuel,
          minmay_tetromino_s4
D:2:      layout_loops_ring
D:3:      kennysheep_goblin_castle, layout_basic
D:4:      layout_basic, nicolae_kikubaaqudgha_miasma_corner,
          gammafunk_ghost_abyssal_escape, uniq_robin, uniq_edmund,
          uniq_crazy_yiuf_cottage
D:5:      layout_loops_cross, gammafunk_temple_overflow_claw,
          nicolae_half_adder, uniq_sigmund, uniq_eustachio
D:6:      layout_gridville, chequers_serial_rivers_micro_b,
          kennysheep_generic_room_4
D:7:      layout_loops_corners, minmay_temple_entry_antechambers
D:8:      layout_loops_ring, enter_bailey_5
Temple:   nicolae_temple_superstar
Bailey:   bailey_polearm_elven_captive_hellmonk, bailey

Skill      XL: |  1  2  3  4  5  6  7  8  9 |
---------------+----------------------------+-----
Stealth        | 3 4 5 7 9 |  9.1
Fire Magic     | 4 5 |  5.4
Spellcasting   | 3 4 |  4.6
Conjurations   | 2 |  2.5
Short Blades   | 1 3 5 6 |  6.7
Fighting       | 1 3 4 |  4.4
Dodging        | 3 4 |  4.4

Action                     |  1- 3 |  4- 6 |  7- 9 || total
---------------------------+-------+-------+-------++-------
  Melee: Dagger            |    19 |    79 |   167 ||   265
         Constrict         |     5 |    15 |    26 ||    46
         Tentacles         |     3 |     9 |    31 ||    43
         Punch             |       |     2 |     5 ||     7
   Cast: Foxfire           |    40 |    36 |     2 ||    78
         Scorch            |     6 |    23 |       ||    29
         Magic Dart        |       |       |     6 ||     6
    Use: Potion            |     1 |     3 |     3 ||     7
         Scroll            |       |     7 |    13 ||    20
   Stab: Sleeping          |       |     6 |     6 ||    12
         Distracted        |       |       |     1 ||     1
         Invisible         |       |       |     1 ||     1
 Armour: Skin              |     3 |     2 |    10 ||    15
  Dodge: Dodged            |    32 |    47 |   102 ||   181
